 Dungeon Crawl Stone Soup version bcrawl-1.27.8b (webtiles) character file.

Game seed: 17685716755248063841

118903 LostNumber the Sneak (level 3, 0/20 HPs)
             Began as a Vine Stalker Archaeologist on Nov 7, 2020.
             Slain by an adder (4 damage)
             ... on level 2 of the Dungeon.
             The game lasted 00:01:35 (893 turns).

LostNumber the Sneak (Vine Stalker Archaeologist)    Turns: 893, Time: 00:01:36

Health: 0/20       AC:  8    Str: 14    XL:     3   Next: 22%
Magic:  4/4        EV: 11    Int: 14    God:
Gold:   105        SH:  0    Dex: 12    Spells: 2/2 levels left

rFire    . . .     SeeInvis .   i - +0 dagger
rCold    . . .     Gourm    .   (no shield)
rNeg     . . .     Faith    .   k - +0 ring mail (curse)
rPois    .         Spirit   .   c - +1 hat
rElec    .         Reflect  .   (no cloak)
rCorr    .         Harm     .   (no gloves)
MR       .....                  d - +1 pair of boots
Stlth    ++........             (no amulet)
HPRegen  0.46/turn              (no ring)
MPRegen  0.09/turn              (no ring)

@: lethally poisoned (0 -> -1)
A: fangs 2, regeneration 1, no potion heal 3, rot immunity, strong jaws
a: no special abilities


You were on level 2 of the Dungeon.
You were not hungry.

You visited 1 branch of the dungeon, and saw 2 of its levels.

You collected 105 gold pieces.

Inventory:

Hand Weapons
 a - a +0 whip
 i - a +0 dagger (weapon)
   (You took it off a goblin on level 1 of the Dungeon)
Armour
 b - a +1 robe
 c - a +1 hat (worn)
 d - a +1 pair of boots (worn)
 k - a cursed +0 ring mail (worn)
   (You found it on level 1 of the Dungeon)
Scrolls
 g - a scroll of magic mapping
 j - a scroll of amnesia {unknown}
 n - a scroll of remove curse {unknown}
Potions
 l - a potion of lignification {unknown}
 m - a potion of flight {unknown}
Miscellaneous
 f - a dusty tome
Comestibles
 e - 5 rations {!d!d}


   Skills:
 + Level 1.6 Fighting
 * Level 0.4 Short Blades
 - Level 0.8 Maces & Flails
 + Level 3.3 Dodging
 + Level 5.0 Stealth


You had 2 spell levels left.
You didn't know any spells.
Your spell library was empty.

Dungeon Overview and Level Annotations

Branches:
Dungeon (2/12)

Altars:


Innate Abilities, Weirdness & Mutations

You have extremely sharp teeth.
Your natural rate of healing is unusually fast.
Potions cannot restore your health.
You are immune to rotting.
Your bites deal extra damage.


Message History

Unknown command.
Found 17 gold pieces.
You now have 105 gold pieces (gained 17).
Found a robe.
You see here a robe.
No target in view!
Found a ring mail.
There is a shaft here.
A goblin and a kobold come into view.
The kobold moves out of view.
The helpless goblin fails to defend itself.
You puncture the goblin!
You kill the goblin!
No target in view!
No target in view!
An adder comes into view.
Found a chain mail.
The adder barely misses you.
You barely miss the adder. The adder barely misses you.
You miss the adder. The adder barely misses you.
The kobold shouts!
You hit the adder but do no damage. The adder bites you.
You barely miss the adder. The adder bites you.
You are poisoned.
The adder poisons you! The adder misses you.
You feel sick. The adder bites you.
You are more poisoned.
The adder poisons you!
You feel sick. The adder misses you.
A dart slug comes into view.
You feel sick.
You feel sick.
You miss the adder.
You feel sick. The adder bites you.
* * * LOW HITPOINT WARNING * * *
You are more poisoned.
The adder poisons you! The adder barely misses you.
You barely miss the adder.
You feel sick.
The kobold falls through a shaft!
The shaft crumbles and collapses.
The adder bites you but does no damage.
You hit the adder. Your bite misses the adder.
You feel sick. The adder bites you but does no damage.
You completely miss the adder. The adder closely misses you.
Unknown command.
You barely miss the adder.
You feel sick. The adder bites you but does no damage.
The adder barely misses you.
You hit the adder.
You feel sick. The adder bites you but does no damage.
You hit the adder.
You feel sick. The adder bites you.
* * * LOW HITPOINT WARNING * * *
You barely miss the adder. The adder bites you.
You die...

#.###
#.#######
#......[#
#######.# #.#
#.# #.#
#######.#
#.S@....#
###.#######.#
#...........#
#.#K###.#.###
#[#.....#.#
#.......#.#
#.........#..
#.#.......###
# ##.####.#


You could see an adder.

Vanquished Creatures
  4 leopard geckos (D:1)
  3 bats (D:1)
  A giant cockroach (D:1)
  6 goblins
  3 hobgoblins (D:1)
  2 jackals (D:1)
  A frilled lizard (D:1)
  3 kobolds (D:1)
  A rat (D:1)
24 creatures vanquished.

Notes
Turn   | Place    | Note
-------+----------+-------------------------------------------
     0 | D:1      | LostNumber the Vine Stalker Archaeologist began the quest
                  | for the Orb.
     0 | D:1      | Reached XP level 1. HP: 11/11 MP: 2/2
    23 | D:1      | Reached skill level 1 in Fighting
   141 | D:1      | Reached XP level 2. HP: 16/16 MP: 3/3
   449 | D:1      | Reached skill level 5 in Stealth
   449 | D:1      | Reached XP level 3. HP: 20/20 MP: 4/4
   893 | D:2      | Slain by an adder

Skill      XL: |  1  2 |
---------------+-------+-----
Fighting       | 1 |  1.6
Stealth        | 5 |  5.0
Short Blades   | |  0.4
Maces & Flails | |  0.8
Dodging        | |  3.3

Action                   || total
-------------------------++-------
Melee: Whip              ||    68
       Bite              ||     7
       Dagger            ||    56
 Stab: Sleeping          ||     9
  Eat: Chunk             ||     3
Armor: Robe              ||    26
       Ring mail         ||    23
Dodge: Dodged            ||   106
